 Dungeon Crawl Stone Soup version 0.18-a0-1702-gd20c6a5 (webtiles) character file.

52 xeno23 the Vexing (level 3, -7/25 HPs)
             Began as a Vampire Enchanter on Apr 6, 2016.
             Mangled by Natasha (9 damage)
             ... on level 2 of the Dungeon.
             The game lasted 00:03:38 (1034 turns).

xeno23 the Vexing (Vampire Enchanter)               Turns: 1034, Time: 00:03:39

Health: -7/25      AC:  3    Str:  8    XL:     3   Next: 60%
Magic:  2/6        EV:  7    Int: 17    God:
Gold:   43         SH:  0    Dex: 14    Spells: 2 memorised, 2 levels left

rFire  . . .     SeeInvis +     a - +1 dagger
rCold  . . .     Gourm    .     b - +1 robe
rNeg   . . .     Faith    .     (no shield)
rPois  .         Spirit   .     (no helmet)
rElec  .         Dismiss  .     (no cloak)
rCorr  .         Reflect  .     (no gloves)
SustAt .         Harm     .     (no boots)
MR     .....                    (no amulet)
Stlth  +++.......               (no ring)
                                (no ring)

@: regenerating quickly, slowed, drained, very slow, not resistant to hostile
enchantments, fairly stealthy
A: fangs 3, see invisible, unbreathing
a: no special abilities


You were on level 2 of the Dungeon.
You were very full.

You visited 1 branch of the dungeon, and saw 2 of its levels.

You collected 43 gold pieces.

Inventory:

Hand Weapons
 a - a +1 dagger (weapon)
Armour
 b - a +1 robe (worn)
Jewellery
 i - an uncursed amulet of harm
Scrolls
 d - 2 scrolls of remove curse {unknown}
 h - a scroll of amnesia {unknown}
 j - 2 scrolls of enchant weapon {unknown}
 k - a scroll of enchant armour {unknown}
 l - a scroll of immolation {unknown}
Potions
 e - a potion of resistance {unknown}
 f - a potion of ambrosia {unknown}
 g - 3 potions of blood
Books
 c - a book of Maledictions

   Spells                             Type                      Level
   a - Corona                         Hexes                        1
   b - Ensorcelled Hibernation        Hexes/Ice                    2
   c - Confuse                        Hexes                        3
   d - Tukima's Dance                 Hexes                        3
   e - Dazzling Spray                 Conjuration/Hexes            3


   Skills:
 + Level 0.6(0.0) Fighting
 * Level 2.2(1.3) Short Blades
 + Level 2.5(1.5) Dodging
 + Level 4.6(3.6) Stealth
 + Level 2.2(1.3) Spellcasting
 * Level 5.1(4.1) Hexes


You had 2 spell levels left.
You knew the following spells:

 Your Spells              Type           Power        Failure   Level  Hunger
a - Corona                Hex            ###....      3%          1    ##.....
b - Confuse               Hex            ###.....     12%         3    ####...


Dungeon Overview and Level Annotations

Branches:
Dungeon (2/15)

Altars:

Annotations:
D:2 Natasha


Innate Abilities, Weirdness & Mutations

Your natural rate of healing is unusually fast.
You have razor-sharp teeth.
You have supernaturally acute eyesight.
You can survive without breathing.


Message History

You take 4 damage.
Natasha stops glowing.
Natasha closely misses you.
Natasha stares at you and mumbles some strange words.
You feel as though you will be slow longer.
There is a stone staircase leading up here.
Casting: Corona
Confirm with . or Enter, or press ? or * to list all spells.
Aiming: Confuse
Press: ? - help, Shift-Dir - straight line, f/p - Natasha
Aim: Natasha (lightly wounded, chance to defeat MR: 46%) Natasha appears confused.
Natasha claws you.
* * * LOW HITPOINT WARNING * * *
Natasha closely misses the hobgoblin.
The crimson imp blinks!
You take 3 damage.
You hit Natasha. You bite Natasha, but do no damage.
Natasha is moderately wounded.
Natasha closely misses the hobgoblin.
Natasha closely misses the hobgoblin.
Natasha claws you!
You die...

### #.. #.# #.#
#@# #h# # #g#
#. #.#
.####.####5#
......5....####
..............#
#####.#######.#
# #


You could see Natasha (confused), a crimson imp and a hobgoblin.

Vanquished Creatures
  A gnoll (D:1)
  An adder (D:2)
  An ooze (D:1)
  A giant gecko (D:1)
  A giant cockroach (D:1)
  4 goblins (D:1)
  3 hobgoblins (D:1)
  4 bats (D:1)
  2 giant newts (D:1)
  6 kobolds (D:1)
  4 rats (D:1)
28 creatures vanquished.

Notes
Turn   | Place    | Note
--------------------------------------------------------------
     0 | D:1      | xeno23 the Vampire Enchanter began the quest for the Orb.
     0 | D:1      | Reached XP level 1. HP: 13/13 MP: 3/3
   114 | D:1      | Reached XP level 2. HP: 20/20 MP: 5/5
   418 | D:1      | Reached skill level 5 in Hexes
   466 | D:1      | Reached XP level 3. HP: 20/25 MP: 6/6
   993 | D:1      | Learned a level 3 spell: Confuse
  1013 | D:2      | Noticed Natasha
  1032 | D:2      | HP: 1/25 [Natasha (3)]
  1034 | D:2      | Mangled by Natasha

Vault maps used:
D:1:      kilobyte_arrival_exit_the_forest, minmay_misc_feat_iff
D:2:      uniq_natasha

Skill      XL: |  1  2  3 |
---------------+----------+-----
Hexes          | 5 |  5.1
Short Blades   | 2 |  2.2
Fighting       | |  0.6
Dodging        | |  2.5
Stealth        | |  4.6
Spellcasting   | |  2.2

Action                   || total
-------------------------++-------
Melee: Dagger            ||   109
 Cast: Corona            ||     4
       Confuse           ||     1
  Use: Potion            ||     1
 Stab: Sleeping          ||     9
  Eat: Corpse            ||     7
